Map: Echo LE (Void)

Players

MDKnights - Winner!

  • Race: Zerg Zerg

StoicLoofah

  • Race: Terran Terran

VOD

Have the link to the VOD?

Description

Time

  • Played on: May 16, 2015, 8:03 p.m.
  • Length: 14:38
Show
View Real Time Build Order
Export as new Build Order

MDKnights Zerg - Winner!

Build Orders: Pool First, Roach Aggression 

Get SALT Encoding   

  12  0:03  Extractor  
  11  0:23  Spawning Pool  
  11  0:27  Drone  
  11  0:30  Drone  
  12  0:39  Drone  
  13  0:50  Overlord  
  13  1:11  Zergling x6  
  14  1:16  Metabolic Boost  
  16  1:22  Zergling x2  
  17  1:29  Queen  
  19  1:58  Hatchery  
  18  2:15  Drone x2  
  20  2:17  Overlord  
  20  2:28  Burrow  
  20  2:40  Drone x2  
  22  2:48  Drone  
  23  2:53  Drone x3  
  23  2:57  Drone  
  27  3:02  Drone  
  28  3:22  Hatchery  
  27  3:29  Drone x3  
  30  3:39  Queen  
  32  3:49  Drone x4  
  36  3:56  Lair  
  36  4:07  Roach Warren  
  35  4:10  Drone  
  35  4:11  Extractor  
  35  4:12  Drone  
  35  4:17  Overlord  
  36  4:34  Drone x6  
  36  4:35  Drone  
  43  4:42  Drone  
  44  4:49  Drone  
  44  4:50  Drone  
  44  4:51  Queen  
  48  4:55  Glial Reconstitution  
  48  4:58  Drone x2  
  50  5:03  Overlord  
  50  5:05  Overlord  
  50  5:06  Evolution Chamber  
  49  5:07  Evolution Chamber  
  48  5:14  Drone x2  
  49  5:22  Drone x5  
  49  5:25  Drone  
  49  5:26  Drone x2  
  49  5:27  Drone  
  58  5:37  Zerg Missile Weapons Level 1  
  58  5:38  Zerg Ground Armor Level 1  
  59  5:42  Drone  
  59  5:43  Drone x4  
  59  5:48  Extractor  
  59  5:49  Extractor  
  61  5:56  Overlord x2  
  61  6:17  Drone x5  
  61  6:18  Drone x3  
  68  6:21  Roach x6  
  68  6:23  Overlord  
  68  6:24  Overlord x3  
  78  6:40  Overlord x2  
  78  6:50  Roach  
  78  6:51  Roach x4  
  83  7:08  Drone x4  
  85  7:09  Drone x5  
  85  7:10  Overlord x3  
  92  7:19  Drone  
  92  7:22  Roach x5  
  103  7:30  Infestation Pit  
  102  7:40  Roach  
  102  7:41  Roach x3  
  110  7:53  Roach  
  110  7:54  Roach x6  
  104  8:15  Zerg Ground Armor Level 2, Zerg Missile Weapons Level 2  
  104  8:17  Roach x3  
  104  8:18  Roach x6  
  122  8:27  Drone  
  122  8:28  Drone  
  122  8:31  Extractor  
  122  8:32  Extractor  
  122  8:42  Hive  
  122  8:43  Swarm Host x2  
  122  8:44  Swarm Host  
  131  9:04  Roach x7  
  131  9:07  Overlord  
  131  9:08  Overlord x3  
  145  9:20  Roach x26  
  145  9:32  Roach x20  
  145  9:33  Roach x7  
  145  9:34  Roach  
  123  10:20  Roach x8  
  113  10:25  Roach x2  
  113  10:26  Roach x10  
  111  11:01  Spire  
  120  11:08  Ultralisk Cavern  
  115  11:18  Zerg Ground Armor Level 3  
  113  11:21  Zerg Missile Weapons Level 3  
  111  11:44  Hatchery  
  111  11:46  Extractor  
  109  11:48  Extractor  
  109  11:51  Extractor  
  109  11:52  Hatchery  
  107  11:57  Hatchery  
  107  11:58  Extractor  
  107  12:00  Hatchery  
  104  12:03  Roach x17  
  138  12:12  Hydralisk Den  
  137  12:41  Ultralisk x2  
  149  12:53  Overlord  
  149  12:54  Overlord x2  
  146  13:33  Ultralisk x6  
  164  13:43  Hydralisk x4  
Show
View Real Time Build Order
Export as new Build Order

StoicLoofah Terran 

Build Orders: Reaper Expand, MMM Bio 

Get SALT Encoding   

  12  0:01  SCV  
  13  0:13  SCV  
  14  0:17  Supply Depot  
  14  0:25  SCV  
  15  0:39  SCV  
  15  0:40  Barracks  
  16  0:44  Refinery  
  16  0:51  SCV  
  17  1:03  SCV  
  18  1:15  SCV  
  19  1:27  Orbital Command  
  19  1:29  Reaper  
  19  1:30  Supply Depot  
  20  1:52  Command Center  
  20  1:53  SCV  
  21  2:09  Marine  
  21  2:12  Factory  
  22  2:21  SCV  
  22  2:22  Barracks  
  23  2:27  Marine  
  23  2:28  Bunker  
  24  2:44  SCV  
  24  2:46  Marine  
  26  2:56  SCV  
  26  2:57  Widow Mine  
  29  3:08  SCV, Marine  
  29  3:09  Marine  
  29  3:11  Bunker  
  32  3:16  Orbital Command  
  32  3:22  SCV  
  32  3:27  Marine  
  34  3:34  SCV, Factory Reactor  
  34  3:37  Marine  
  36  3:43  SCV  
  36  3:46  SCV, Refinery  
  38  3:49  Marine  
  39  3:59  Marine  
  39  4:01  SCV x2  
  42  4:08  Marine  
  43  4:13  SCV x2  
  45  4:17  Supply Depot, Marine  
  45  4:21  Supply Depot  
  45  4:28  SCV  
  46  4:39  SCV, Hellion x2  
  51  4:49  Marine  
  53  4:55  Starport  
  53  4:57  Barracks Tech Lab  
  53  4:58  Engineering Bay  
  52  5:00  Orbital Command  
  52  5:07  SCV  
  53  5:19  Bunker  
  53  5:20  Supply Depot  
  53  5:21  Supply Depot  
  53  5:22  Supply Depot x2  
  57  5:28  Hellion x2  
  57  5:31  Stimpack  
  57  5:32  Terran Infantry Weapons Level 1  
  57  5:33  Engineering Bay  
  57  5:36  SCV x2, Armory  
  57  5:39  Refinery  
  57  5:40  Refinery, Marine x2  
  57  5:42  Starport Reactor  
  61  5:55  Hellion  
  61  5:56  Hellion  
  65  6:03  SCV x2  
  67  6:08  Missile Turret  
  67  6:10  Terran Infantry Armor Level 1  
  67  6:19  SCV x2, Missile Turret  
  67  6:21  Hellion x2  
  67  6:23  Medivac x2  
  77  6:28  Marine x2  
  77  6:35  Barracks  
  77  6:37  SCV x2  
  79  6:49  SCV, Marine x2  
  79  6:50  SCV  
  77  7:11  Marine, Marauder  
  77  7:13  Medivac x2  
  77  7:15  SCV x2  
  86  7:21  Command Center  
  86  7:28  Widow Mine x2  
  90  7:30  Barracks Tech Lab  
  90  7:32  Barracks  
  90  7:33  Marauder  
  92  7:47  Medivac  
  92  7:50  Supply Depot x2  
  94  7:52  Supply Depot  
  94  7:58  Terran Infantry Weapons Level 2  
  94  8:00  Combat Shields  
  94  8:07  Marine  
  94  8:09  Marauder  
  94  8:10  SCV  
  94  8:11  SCV  
  94  8:12  Medivac  
  96  8:22  SCV  
  96  8:23  SCV  
  96  8:25  Barracks Reactor  
  98  8:28  Marauder, Barracks, Marine  
  98  8:29  Widow Mine x2  
  98  8:32  Medivac  
  98  8:33  Orbital Command  
  107  8:34  SCV  
  107  8:36  Supply Depot  
  108  8:50  Marauder x2, Marine  
  113  8:59  Widow Mine x2  
  113  9:01  SCV x2  
  119  9:06  Marine x2  
  119  9:08  Marine  
  122  9:12  Medivac x2  
  126  9:18  Marauder x2  
  126  9:22  Barracks Reactor, Terran Infantry Armor Level 2  
  126  9:23  Barracks  
  130  9:24  Concussive Shells  
  130  9:36  Orbital Command  
  130  9:37  SCV x2  
  117  9:52  Supply Depot  
  108  9:55  Marine x2  
  108  9:56  Marauder x2  
  101  10:03  Marine x2  
  101  10:04  Marine  
  95  10:25  Marine x3  
  95  10:26  Marauder x2  
  93  10:30  Marine x2  
  86  10:47  Marauder  
  86  10:48  Marauder  
  83  10:50  SCV x2  
  83  10:55  Orbital Command  
  77  10:58  Marine x5  
  77  11:06  Terran Infantry Weapons Level 3  
  77  11:08  Orbital Command  
  77  11:09  Marauder x2  
  81  11:15  Marine, Orbital Command  
  81  11:16  Marine  
  83  11:18  Starport Tech Lab  
  83  11:26  Marine  
  83  11:27  Marine x2  
  83  11:30  Marine  
  87  11:36  SCV x2  
  89  11:41  SCV  
  89  11:45  Refinery  
  90  11:48  SCV, Refinery  
  90  11:50  Raven  
  93  11:55  Missile Turret  
  93  12:09  Marine  
  93  12:10  Marine x3  
  93  12:11  Marauder x2  
  93  12:13  Widow Mine x2  
  102  12:29  SCV x2  
  97  12:36  Marine x3  
  98  12:39  Command Center  
  98  12:41  SCV  
  99  12:58  Marauder x2, Marine  
  93  14:00  Orbital Command  
Tags
 
Add a new tag
Caveats
  • Supply blocks, unpowered buildings, or Contaminate may cause inaccurate times.
  • Supply counts are checked every 10 seconds.